 Dungeon Crawl Stone Soup version 0.30-a0-778-g2ef04afb54 (webtiles) character file.

Game seed: 12882372528090937870

16 sircluck the Trooper (level 2, 0/1 (25) HPs)
             Began as a Merfolk Chaos Knight on Feb 15, 2023.
             Was a Plaything of Xom.
             Slain by a rat (1 damage)
             ... on level 1 of the Dungeon.
             The game lasted 00:01:04 (370 turns).

sircluck the Trooper (Merfolk Chaos Knight)          Turns: 370, Time: 00:01:05

HP:   0/1 (25)      AC:  5    Str: 12    XL:     2   Next: 54%
MP:   2/2           EV: 12    Int: 11    God:    Xom [..*...]
Gold: 68            SH:  0    Dex: 13    Spells: 1/1 levels left

rFire   . . .      SeeInvis .    a - +0 hand axe (chaos)
rCold   . . .      Faith    .    (no shield)
rNeg    . . .      Spirit   .    b - +2 leather armour
rPois   .          Reflect  .    (no helmet)
rElec   .          Harm     .    j - scarf {+Inv}
rCorr   .          Rampage  .    (no gloves)
Will    .....                    (no boots)
Stlth   +                        (no amulet)
HPRegen 0.20/turn                (no ring)
MPRegen 0.08/turn                (no ring)

@: extremely drained
A: (nimble swimmer 2), mertail
a: Renounce Religion, Evoke Invisibility


You were on level 1 of the Dungeon.
You worshipped Xom.
You were a toy of Xom.
You visited 1 branch of the dungeon, and saw 1 of its levels.

You collected 68 gold pieces.

Inventory:

Hand Weapons
 a - a +0 hand axe of chaos (weapon)
Missiles
 i - 4 stones
Armour
 b - a +2 leather armour (worn)
 j - a scarf of invisibility (worn)
Jewellery
 h - an amulet of the acrobat
Scrolls
 d - a scroll of fear {unknown}
Potions
 e - a potion of heal wounds {unknown}
 f - a potion of mutation {unknown}
 g - a potion of degeneration {unknown}
 k - a potion of lignification {unknown}
Miscellaneous
 c - a piece from Xom's chessboard (15/15) (quivered)


   Skills:
 + Level 3.6 Fighting
 + Level 2.7 Axes
 + Level 0.8 Armour
 + Level 2.8 Dodging


You had one spell level left.
You didn't know any spells.
Your spell library contained the following spells:

 Spells                   Type           Power      Damage    Failure   Level
 Ignite Poison            Fire/Tmut/Pois 0%         N/A       80%         3
 Kindle Blastsparks       Fire/Tloc/Air  0%         2d10      80%         3
 Freezing Cloud           Conj/Ice/Air   0%         6-21      100%        5


Dungeon Overview and Level Annotations

Branches:
Dungeon (1/15)

Altars:


Innate Abilities, Weirdness & Mutations

((You are very nimble when in or above water. (Stealth+, EV+, Speed+++)))
Your lower body shifts to a powerful aquatic tail in water.


Message History

You closely miss the rat.
The rat is moderately wounded.
The rat bites you.
You closely miss the rat.
The rat is moderately wounded.
The rat misses you. The rat bites you but does no damage.
You hit the rat. You freeze the rat.
You kill the rat!
No target in view!
No target in view!
No target in view!
No target in view!
No target in view!
No target in view!
No target in view!
No target in view!
No target in view!
No target in view!
No target in view!
k - an emerald potion Xom's attention almost turns to you for a moment.
Nothing appears to happen...
Ominous!
A rat comes into view.
A rat is nearby!
A rat is nearby!
A rat is nearby!
You feel drained.
You fail to use your ability.
Unknown command.
You feel drained.
You fail to use your ability.
You feel drained.
You fail to use your ability.
You feel drained.
You fail to use your ability.
You feel drained.
You fail to use your ability.
You feel drained.
You fail to use your ability.
You feel drained.
You fail to use your ability.
The rat barely misses you.
You feel drained.
You fail to use your ability.
The rat closely misses you.
You completely miss the rat. The rat closely misses you.
You hit the rat but do no damage. The rat bites you.
Ouch! That really hurt!
You die... "It was about time."

#................# #
#....###.........#### #
#....# #............# #
#....#######......... #
####....................
#
........................
#
......#..............##
# ......#..............#
......#.........@r...#
......#.........######
......#.............#
###############.....#
#.....# #######


You could see a rat.

Vanquished Creatures
  A giant cockroach (D:1)
  3 goblins (D:1)
  2 jackals (D:1)
  2 quokkas (D:1)
  A ball python (D:1)
  2 bats (D:1)
  3 rats (D:1)
14 creatures vanquished.

Vanquished Creatures (collateral kills)
  A rat (D:1)
1 creature vanquished.

Vanquished Creatures (others)
  A quokka zombie (D:1)
1 creature vanquished.

Grand Total: 16 creatures vanquished

Notes
Turn   | Place    | Note
-------+----------+-------------------------------------------
     0 | D:1      | sircluck the Merfolk Chaos Knight began the quest for the
                  | Orb.
     0 | D:1      | Reached XP level 1. HP: 18/18 MP: 1/1
   158 | D:1      | Reached XP level 2. HP: 24/24 MP: 2/2
   336 | D:1      | XOM: silly message
   370 | D:1      | Slain by a rat

Illustrated notes

Levels and vault maps discovered:
D:1:      dpeg_arrival_connections, layout_basic

Action                     || total
---------------------------++-------
  Melee: Hand axe          ||    38
         Punch             ||     1
 Armour: Leather armour    ||    14
  Dodge: Dodged            ||    28

Table legend: (Time is in decaauts)
 A = Elapsed time spent in this place.
 B = Non-inter-level travel time spent in this place.
 C = Inter-level travel time spent in this place.
 D = Time resting spent in this place.
 E = Time spent auto-exploring this place.
 F = Levels seen in this place.
 G = Mean time per level.
                   A        B        C        D        E       F      G
               +--------+--------+--------+--------+--------+-----+--------+
         Total |    376 |    376 |      0 |      0 |    250 |   1 |  376.0 |
       Dungeon |    376 |    376 |      0 |      0 |    250 |   1 |  376.0 |
               +--------+--------+--------+--------+--------+-----+--------+

Top non-repeatable levels by time:
     D:1: 376 daAuts
